 Dungeon Crawl Stone Soup version 0.29.1-15-g9cfb28693d (webtiles) character file.

Game seed: 2105684976648619700

7 Mickster the Stinger (level 2, -1/16 HPs)
             Began as a Gargoyle Wanderer on Mar 13, 2023.
             Slain by a quokka (4 damage)
             ... on level 1 of the Dungeon.
             The game lasted 00:02:25 (163 turns).

Mickster the Stinger (Gargoyle Wanderer)             Turns: 163, Time: 00:02:26

Health: -1/16      AC:  9    Str: 12    XL:     2   Next: 0%
Magic:  1/5        EV:  8    Int: 12    God:
Gold:   13         SH:  0    Dex: 12    Spells: 4/5 levels left

rFire   . . .      SeeInvis .   a - +0 quarterstaff
rCold   . . .      Faith    .   (shield currently unavailable)
rNeg    + . .      Spirit   .   b - +0 scale mail
rPois   ∞          Reflect  .   (no helmet)
rElec   +          Harm     .   (no cloak)
rCorr   .          Rampage  .   (no gloves)
Will    .....                   (no boots)
Stlth   ..........              (no amulet)
HPRegen 0.05/turn               (no ring)
MPRegen 0.09/turn               (no ring)

@: no status effects
A: sickness immunity, AC +2, negative energy resistance 1, electricity
resistance, torment resistance 1, petrification resistance
a: no special abilities


You were on level 1 of the Dungeon.
You visited 1 branch of the dungeon, and saw 1 of its levels.

You collected 13 gold pieces.

Inventory:

Hand Weapons
 a - a +0 quarterstaff (weapon)
 e - a +0 short sword
Missiles
 f - 2 stones
Armour
 b - a +0 scale mail (worn)


   Skills:
 + Level 1.1 Fighting
 + Level 1.0 Staves
 + Level 1.3 Armour
 + Level 1.1 Stealth
 + Level 2.1 Spellcasting
 + Level 2.3 Poison Magic
 + Level 1.0 Invocations
 + Level 1.0 Evocations


You had 4 spell levels left.
You knew the following spells:

 Your Spells              Type           Power      Damage    Failure   Level
a - Sting                 Tmut/Pois      16%        1d3       65%         1

Your spell library contained the following spells:

 Spells                   Type           Power      Damage    Failure   Level
 Ignite Poison            Fire/Tmut/Pois 3%         N/A       97%         3
 Olgreb's Toxic Radiance  Pois           6%         N/A       99%         4


Dungeon Overview and Level Annotations

Branches:
Dungeon (1/15)

Altars:


Innate Abilities, Weirdness & Mutations

You are immune to sickness and miasma.
Your stone body is resilient. (AC +2)
You are immune to poison.
You resist negative energy. (rN+)
You are resistant to electric shocks. (rElec)
You are resistant to unholy torment.
You are immune to petrification.


Message History

The kobold shouts!
Casting: Sting (safe; 67% risk of failure)
Confirm with . or Enter, or press ? or * to list all spells.
Aiming: Sting (safe; 67% risk of failure)
Press: ? - help, Shift-Dir - straight line, f - frilled lizard
Aim: a frilled lizard (43% to hit)
The sting hits the frilled lizard.
The frilled lizard is poisoned.
You kill the frilled lizard!
The kobold throws a stone.
The stone hits you.
* * * LOW HITPOINT WARNING * * *
Casting: Sting (safe; 65% risk of failure)
Confirm with . or Enter, or press ? or * to list all spells.
Aiming: Sting (safe; 65% risk of failure)
Press: ? - help, Shift-Dir - straight line, f - goblin
Aim: a goblin, wielding a +0 dagger (55% to hit)
The sting hits the goblin.
The goblin is poisoned.
The goblin is severely wounded.
A quokka comes into view.
The goblin hits you but does no damage.
The kobold throws a stone.
The stone hits you but does no damage.
You hit the goblin.
You kill the goblin!
The frilled lizard bites you but does no damage.
The kobold throws a stone.
The stone hits you but does no damage.
The frilled lizard bites you but does no damage.
The kobold throws a stone.
The stone hits you but does no damage.
You miss the frilled lizard. The frilled lizard barely misses you.
The kobold throws a stone.
The stone hits you but does no damage.
You closely miss the frilled lizard.
The frilled lizard bites you but does no damage.
You barely miss the frilled lizard.
The frilled lizard bites you but does no damage.
The kobold throws a stone.
The stone hits you but does no damage.
You hit the frilled lizard.
You kill the frilled lizard!
The quokka bites you but does no damage.
The kobold throws a stone.
The stone hits you but does no damage.
You have reached level 2!
You completely miss the quokka. The quokka bites you.
You die...

#..##...##.........# #
#..###'###.......#.##....
...###.###....#..........
.⌠.......................
......†................##
####.#####....).)........
#+# #........K......
#....$†.).......
#......@r##... ######.>.#
## #..... .........
####.#..#..# ..##.. ..
### ... . ###.


You could see a quokka and a kobold.

Vanquished Creatures
  2 goblins (D:1)
  2 frilled lizards (D:1)
  2 kobolds (D:1)
  A rat (D:1)
7 creatures vanquished.

Notes
Turn   | Place    | Note
-------+----------+-------------------------------------------
     0 | D:1      | Mickster the Gargoyle Wanderer began the quest for the Orb.
     0 | D:1      | Mickster set off with the following items: a +0
                  | quarterstaff, a +0 scale mail, a scroll of blinking; and
                  | the following spell memorised: Sting; and the following
                  | spells available to memorise: Ignite Poison, Olgreb's Toxic
                  | Radiance.
     0 | D:1      | Reached XP level 1. HP: 12/12 MP: 3/3
   163 | D:1      | Reached XP level 2. HP: 3/16 MP: 1/5
   163 | D:1      | Slain by a quokka

Illustrated notes

Levels and vault maps discovered:
D:1:      dpeg_arrival_rooms_a, layout_rooms

Action                   || total
-------------------------++-------
Melee: Quarterstaff      ||    17
 Cast: Sting             ||     2
  Use: Scroll            ||     2
Armor: Scale mail        ||    43
Dodge: Dodged            ||    15
